General information
			
			
        
        - name: BNet
 
        - type: Ladder team game (AT/RT)
 
        - host: Battle.net
 
        - saver: Tranalis
 
        
map: Moonglade 
        - players: 4
 
        - length: 08:04
 
        - speed: Fast
 - version: 1.22 W3XP
 - replay type:  Public
 
» download(40 KB)
Players
        team 1 (winner) 
              
              
Tranalis (
red | 57 APM | 460 actions | 08:04)
              
 2 Archmage 
 1 Summon Water Elemental
 1 Brilliance Aura
 1 Mountain King 
 1 Storm Bolt
 
                » actions 
                
                | Assign group hotkey | 10 |  | 
| Build / train | 29 |  | 
| Enter build submenu | 13 |  | 
| Enter hero's abilities submenu | 3 |  | 
| Right click | 221 |  | 
| Select / deselect | 135 |  | 
| Select group hotkey | 13 |  | 
| Use ability | 36 |  | 
                460 total
 » units 
                » upgrades
                » buildings
                
                | Altar of Kings | 1 |  | 
| Farm | 5 |  | 
| Barracks | 1 |  | 
| Arcane Vault | 1 |  | 
| Scout Tower | 1 |  | 
| Arcane Tower | 1 |  | 
| Keep | 2 |  | 
| Lumber Mill | 1 |  | 
| Town Hall | 1 |  | 
| Arcane Sanctum | 1 |  | 
                15 total
 » build order
                00:05 Altar of Kings
00:39 Farm
01:12 Barracks
01:21 Farm
01:24 Farm
01:36 Arcane Vault
01:44 Scout Tower
02:20 Arcane Tower
02:29 Farm
03:58 Keep
03:59 Keep
04:02 Farm
04:43 Lumber Mill
06:18 Town Hall
07:03 Arcane Sanctum
» items
                
                | Scroll of Regeneration | 2 |  | 
| Lesser Clarity Potion | 2 |  | 
                4 total
  
               
              
              
» 
IIJIoxou_urpoK (
yellow | 90 APM | 724 actions | 08:03)
              
 2 Demon Hunter 
 1 Mana Burn
 1 Evasion
 
                » actions 
                
                | Assign group hotkey | 13 |  | 
| Build / train | 23 |  | 
| Enter build submenu | 10 |  | 
| Enter hero's abilities submenu | 2 |  | 
| Right click | 347 |  | 
| Select / deselect | 125 |  | 
| Select group hotkey | 178 |  | 
| Use ability | 26 |  | 
                724 total
 » units 
                » upgrades
                » buildings
                
                | Moon Well | 3 |  | 
| Altar of Elders | 1 |  | 
| Hunter's Hall | 1 |  | 
| Ancient of War | 1 |  | 
| Ancient Protector | 1 |  | 
| Tree of Ages | 1 |  | 
| Ancient of Lore | 2 |  | 
                10 total
 » build order
                00:18 Moon Well
00:22 Altar of Elders
01:19 Hunter's Hall
01:46 Ancient of War
02:07 Moon Well
02:43 Ancient Protector
02:48 Moon Well
04:39 Tree of Ages
07:57 Ancient of Lore
07:58 Ancient of Lore
 
               team 2 (loser) 
              
              
Poland.FaJnY (
pink | 132 APM | 1034 actions | 07:51)
              
 3 Death Knight 
 2 Death Coil
 1 Unholy Aura
 
                » actions 
                
                | Assign group hotkey | 97 |  | 
| Basic commands | 1 |  | 
| Build / train | 20 |  | 
| ESC pressed | 3 |  | 
| Enter build submenu | 8 |  | 
| Enter hero's abilities submenu | 3 |  | 
| Right click | 698 |  | 
| Select / deselect | 107 |  | 
| Select group hotkey | 69 |  | 
| Use ability | 28 |  | 
                1034 total
 » units 
                
                | Acolyte | 2 |  | 
| Ghoul | 2 |  | 
| Crypt Fiend | 6 |  | 
                10 total
 » buildings
                
                | Graveyard | 1 |  | 
| Crypt | 1 |  | 
| Altar of Darkness | 1 |  | 
| Ziggurat | 4 |  | 
| Tomb of Relics | 1 |  | 
| Nerubian Tower | 1 |  | 
| Halls of the Dead | 2 |  | 
                11 total
 » build order
                00:10 Graveyard
00:19 Crypt
00:46 Altar of Darkness
01:03 Ziggurat
01:37 Tomb of Relics
02:03 Ziggurat
02:35 Nerubian Tower
04:48 Halls of the Dead
04:49 Halls of the Dead
05:18 Ziggurat
06:34 Ziggurat
» items
                 
               
              
              
Jeff-Hardy-xD (
blue | 49 APM | 397 actions | 08:02)
              
 2 Tauren Chieftain 
 1 Shockwave
 1 War Stomp
 
                » actions 
                
                | Build / train | 26 |  | 
| Enter build submenu | 9 |  | 
| Enter hero's abilities submenu | 2 |  | 
| Remove unit from queue | 1 |  | 
| Right click | 213 |  | 
| Select / deselect | 124 |  | 
| Use ability | 22 |  | 
                397 total
 » units 
                
                | Peon | 8 |  | 
| Troll Headhunter/Berserker | 9 |  | 
                17 total
 » upgrades
                
                | Ranged Weapons | 1 |  | 
| Troll Regeneration | 1 |  | 
                2 total
 » buildings
                
                | War Mill | 1 |  | 
| Orc Burrow | 6 |  | 
| Barracks | 1 |  | 
| Altar of Storms | 1 |  | 
| Stronghold | 1 |  | 
| Voodoo Lounge | 1 |  | 
| Fortress | 1 |  | 
                12 total
 » build order
                00:11 War Mill
00:25 Orc Burrow
00:43 Barracks
01:06 Orc Burrow
02:12 Altar of Storms
04:31 Stronghold
04:53 Orc Burrow
04:56 Orc Burrow
05:51 Voodoo Lounge
06:03 Orc Burrow
06:51 Orc Burrow
06:54 Fortress
 
                Chat log
          (00:15 / Allies) Tranalis: hey
(00:25 / Allies) IIJIoxou_urpoK: hi 
(00:26 / Allies) IIJIoxou_urpoK: Rus
(00:31 / Allies) Tranalis: -.-
(05:09 / Allies) Tranalis: I'm going to make spell breakers
(06:05 / Allies) Tranalis: don't make hunteress
(06:45 / Allies) Tranalis: stop making hunteress
(06:48 / Allies) Tranalis: good
(07:46 / All) Tranalis: gg